[Event "Titled Tuesday Blitz January 31 Early 2023"]
[White "Gatterer, Florian"]
[Black "Ferguson, Randal"]
[WhiteFideId "811688"]
[BlackFideId "30903106"]
[WhiteElo "2170"]
[BlackElo "2058"]
[Result "1-0"]
[Round "02"]
[TimeControl "180+2"]
[Date "2023.01.31"]
[WhiteClock "0:00:44"]
[BlackClock "0:00:02"]

1. b3 f5 2. Bb2 Nf6 3. g3 g6 4. Bg2 Bg7 5. c4 d6 6. d4 O-O 7. Nd2 c6 8. Ngf3 a5 9. O-O Na6 10. a3 Ne4 11. Ne1 d5 12. Nd3 e6 13. e3 g5 14. f3 Nf6 15. Ne5 Qe8 16. f4 gxf4 17. exf4 Ne4 18. Rc1 Bd7 19. Ndf3 Rc8 20. c5 Nb8 21. Qe2 Qh5 22. Rfe1 Be8 23. Nd2 Qh6 24. Nxe4 fxe4 25. b4 axb4 26. axb4 Bh5 27. Qe3 Bxe5 28. dxe5 Na6 29. Bc3 Bg4 30. Rf1 Rf7 31. Ra1 Rcf8 32. Bd2 Nc7 33. Qf2 Bf5 34. Be3 Qh5 35. Rfe1 Nb5 36. Bf1 Nc3 37. Bd4 Nb5 38. Bb2 Bg4 39. Be2 Bf3 40. Bxf3 exf3 41. Rf1 1-0


[Site "https://www.chess.com"]

[Event "Titled Tuesday Blitz January 31 Early 2023"]
[White "Fernandez Garcia, Gumersindo"]
[Black "Adithya A Chullikkad"]
[WhiteFideId "24516740"]
[BlackFideId "45078734"]
[WhiteElo "2160"]
[BlackElo "2259"]
[Result "1-0"]
[Round "02"]
[TimeControl "180+2"]
[Date "2023.01.31"]
[WhiteClock "0:00:24"]
[BlackClock "0:00:06"]

1. e4 c5 2. a3 d6 3. b4 cxb4 4. axb4 Nf6 5. d3 e6 6. Nf3 Be7 7. g3 O-O 8. Bg2 Nfd7 9. O-O Bf6 10. Ra2 Nc6 11. b5 Nd4 12. c4 Nc5 13. Be3 Nxf3+ 14. Bxf3 a6 15. d4 Nd7 16. Nc3 Nb6 17. Qb3 axb5 18. Rxa8 Nxa8 19. Nxb5 Nc7 20. Rb1 Nxb5 21. Qxb5 Qc7 22. Bg2 h6 23. f4 Bd8 24. e5 b6 25. Ra1 Bd7 26. Qb4 dxe5 27. fxe5 Re8 28. Qd6 Qxd6 29. exd6 Bg5 30. Bxg5 hxg5 31. c5 bxc5 32. dxc5 Rc8 33. Rc1 Kf8 34. c6 e5 35. cxd7 1-0


[Site "https://www.chess.com"]

[Event "Titled Tuesday Blitz January 31 Early 2023"]
[White "Mosquera, Miguel"]
[Black "Gottstein, Claudius-Thomas"]
[WhiteFideId "4401131"]
[BlackFideId "4653327"]
[WhiteElo "2371"]
[BlackElo "2113"]
[Result "0-1"]
[Round "02"]
[TimeControl "180+2"]
[Date "2023.01.31"]
[WhiteClock "0:00:03"]
[BlackClock "0:00:34"]

1. e4 Nf6 2. e5 Nd5 3. c4 Nb6 4. d4 d6 5. f4 g5 6. Nf3 Bg4 7. Be2 gxf4 8. Bxf4 Bxf3 9. Bxf3 Nc6 10. e6 fxe6 11. Bh5+ Kd7 12. d5 Ne5 13. Bxe5 dxe5 14. dxe6+ Kc8 15. Qxd8+ Kxd8 16. Nd2 c6 17. O-O-O Kc7 18. Nf3 Nxc4 19. b3 Nd6 20. Nxe5 Bh6+ 21. Kb1 Rhg8 22. g3 Rg5 23. Nf7 Rxh5 24. Rhf1 Rxh2 25. g4 Rg8 26. g5 Bxg5 27. Rg1 h6 28. Ne5 Rf8 29. Ng6 Rff2 30. Rxd6 Rb2+ 31. Ka1 Rxa2+ 32. Kb1 Rhb2# 0-1


[Site "https://www.chess.com"]

[Event "Titled Tuesday Blitz January 31 Early 2023"]
[White "Bongo Akanga Ndjila, Barthelemy"]
[Black "Gheorghiu, Calin"]
[WhiteFideId "10609431"]
[BlackFideId "1200305"]
[WhiteElo "1824"]
[BlackElo "2313"]
[Result "0-1"]
[Round "02"]
[TimeControl "180+2"]
[Date "2023.01.31"]
[WhiteClock "0:00:38"]
[BlackClock "0:00:57"]

1. d4 Nf6 2. Nf3 d5 3. Bg5 e6 4. e3 Nbd7 5. Nbd2 Bd6 6. Bd3 b6 7. c3 Bb7 8. a4 a6 9. a5 c5 10. axb6 Qxb6 11. Qb1 h6 12. Bh4 O-O 13. O-O a5 14. Re1 a4 15. Bg3 Bxg3 16. hxg3 Rfb8 17. Bc2 Bc6 18. b3 axb3 19. Rxa8 Rxa8 20. Qxb3 Qa5 21. Qb2 Rb8 22. Qa1 Qxa1 23. Rxa1 Rb2 24. Ba4 Bxa4 25. Rxa4 c4 26. Kf1 g5 27. Ke2 g4 28. Nh2 Ne4 29. Nf1 Ndf6 30. Ra8+ Kg7 31. Ra3 Nxd2 32. Nxd2 Ne4 33. f3 Nxd2 34. Kd1 gxf3 35. Kc1 fxg2 36. Kxb2 g1=Q 37. Kc2 Qb1+ 38. Kxd2 Qb2+ 39. Ke1 Qxa3 40. Kf2 Qxc3 0-1


[Site "https://www.chess.com"]

[Event "Titled Tuesday Blitz January 31 Early 2023"]
[White "Levine, David"]
[Black "Urbina Perez, Juan Antonio"]
[WhiteFideId "2011611"]
[BlackFideId "2217368"]
[WhiteElo "2040"]
[BlackElo "2266"]
[Result "0-1"]
[Round "02"]
[TimeControl "180+2"]
[Date "2023.01.31"]
[WhiteClock "0:00:06"]
[BlackClock "0:01:39"]

1. d4 d5 2. c4 c6 3. Nf3 Nf6 4. Nc3 a6 5. c5 Bf5 6. Bf4 e6 7. e3 Nbd7 8. h3 Be7 9. Nh4 Bg6 10. Nxg6 hxg6 11. Bd3 O-O 12. O-O Qc8 13. b4 Bd8 14. a4 Bc7 15. Bxc7 Qxc7 16. f4 b6 17. Qe2 b5 18. Ra3 Nh5 19. Rfa1 Rab8 20. axb5 axb5 21. Qf2 Nhf6 22. g4 Rfd8 23. Kg2 Nh7 24. h4 Nhf8 25. Kf3 f6 26. Qg3 e5 27. fxe5 fxe5 28. Kf2 Re8 29. Ra7 Rb7 30. Rxb7 Qxb7 31. h5 exd4 32. exd4 Nf6 33. hxg6 Qe7 34. g5 Ne4+ 35. Bxe4 dxe4 36. Ke3 Nxg6 37. Rh1 Qe6 38. d5 cxd5 39. Qh3 d4+ 40. Kxd4 Qc4+ 41. Ke3 Qxc3+ 0-1


[Site "https://www.chess.com"]

[Event "Titled Tuesday Blitz January 31 Early 2023"]
[White "Heinemann, Josefine"]
[Black "Necula, Iulian"]
[WhiteFideId "12900460"]
[BlackFideId "1232380"]
[WhiteElo "2289"]
[BlackElo "1851"]
[Result "1-0"]
[Round "02"]
[TimeControl "180+2"]
[Date "2023.01.31"]
[WhiteClock "0:02:00"]
[BlackClock "0:00:48"]

1. d4 f5 2. c4 Nf6 3. Nc3 d6 4. e3 g6 5. Bd3 Bg7 6. Nge2 Nc6 7. O-O O-O 8. e4 fxe4 9. Nxe4 Nxe4 10. Bxe4 e5 11. Be3 Bf5 12. Bd5+ Kh8 13. Qd2 exd4 14. Nxd4 Nxd4 15. Bxd4 c6 16. Bf3 Qc7 17. Rad1 Rad8 18. b3 b6 19. h3 Be6 20. Bxg7+ Qxg7 21. Bxc6 d5 22. Bxd5 Bxd5 23. cxd5 Rd6 24. Rfe1 Rfd8 25. Re3 h6 26. Rd3 Qf7 27. g3 Kg7 28. h4 Rf8 29. Rd4 Qf3 30. Re1 Rff6 31. Re3 Rf7 32. Rxf3 Rxf3 33. Qe2 Rf7 34. Qe5+ Rdf6 35. Rf4 1-0


[Site "https://www.chess.com"]

[Event "Titled Tuesday Blitz January 31 Early 2023"]
[White "Kakulidis, Ellen"]
[Black "Begunov, Konstantin"]
[WhiteFideId "1444972"]
[BlackFideId "4118510"]
[WhiteElo "2046"]
[BlackElo "2325"]
[Result "0-1"]
[Round "02"]
[TimeControl "180+2"]
[Date "2023.01.31"]
[WhiteClock "0:00:08"]
[BlackClock "0:00:49"]

1. d4 d5 2. c4 c6 3. cxd5 cxd5 4. Nf3 Nf6 5. Nc3 Nc6 6. e3 a6 7. Ne5 e6 8. f4 Bd6 9. Bd3 Bd7 10. g4 h6 11. Qf3 Ng8 12. h4 Nb4 13. Bb1 Ne7 14. a3 Nbc6 15. Kf2 Na5 16. Bc2 Qb6 17. Kg3 Nb3 18. h5 Nxa1 19. Nxd7 Kxd7 20. Ba4+ Kd8 21. b4 a5 22. Nb5 axb4 23. Nxd6 Qxd6 24. Bb5 Nc2 25. Rh2 Nxa3 26. Bd3 Nc4 0-1


[Site "https://www.chess.com"]

[Event "Titled Tuesday Blitz January 31 Early 2023"]
[White "Wickramasinghe, Minethma Lasandi"]
[Black "Wahedi, Ahmad Siar"]
[WhiteFideId "9966170"]
[BlackFideId "4651260"]
[WhiteElo "1483"]
[BlackElo "2274"]
[Result "0-1"]
[Round "02"]
[TimeControl "180+2"]
[Date "2023.01.31"]
[WhiteClock "0:00:16"]
[BlackClock "0:00:24"]

1. d4 d5 2. Bf4 Nf6 3. Nf3 c5 4. c3 Nc6 5. e3 e6 6. Bd3 Bd6 7. Bg3 Qc7 8. Nbd2 c4 9. Bc2 O-O 10. a4 e5 11. dxe5 Nxe5 12. Nd4 a6 13. N2f3 Bg4 14. Bh4 Ne4 15. h3 Bd7 16. O-O Rfe8 17. Ng5 Nxg5 18. Bxg5 h6 19. Bf4 Rad8 20. a5 Bc8 21. Ba4 Re7 22. Bc2 Nc6 23. Nf5 Bxf5 24. Bxf5 Bxf4 25. exf4 Qxf4 26. Bc2 d4 27. cxd4 Nxd4 28. Qb1 Re2 29. Bd1 Rd2 30. Ra3 Qf5 31. Qa1 Qd5 32. Qc1 Ne6 33. Bf3 Qd7 34. Qxc4 Rxb2 35. Rc1 Rb5 36. Qc3 Rc5 37. Qb2 Rdc8 38. Rac3 Rxc3 39. Rxc3 Rxc3 40. Qxc3 g6 41. Qb4 Nd8 42. Qb6 Kg7 43. Qb2+ Kh7 44. Bg4 Qd5 45. Bf3 Qxa5 46. Bxb7 Qe1+ 47. Kh2 Nxb7 48. Qxb7 Qxf2 49. Qxa6 Qf4+ 50. Kg1 h5 51. Qa2 h4 52. Qe2 g5 53. Qc2+ Kg7 54. Qc3+ Kg6 55. Qd3+ Kf6 56. Qd6+ Qxd6 0-1


[Site "https://www.chess.com"]

[Event "Titled Tuesday Blitz January 31 Early 2023"]
[White "Belov, Alexei"]
[Black "Mohammadian, Mohammad"]
[WhiteFideId "4128206"]
[BlackFideId "12566055"]
[WhiteElo "2421"]
[BlackElo "1398"]
[Result "1-0"]
[Round "02"]
[TimeControl "180+2"]
[Date "2023.01.31"]
[WhiteClock "0:01:45"]
[BlackClock "0:00:42"]

1. e4 e5 2. Nf3 Nc6 3. Bb5 a6 4. Ba4 Nf6 5. d4 exd4 6. O-O d6 7. Nxd4 Bd7 8. Bxc6 bxc6 9. Qf3 Be7 10. e5 dxe5 11. Nxc6 Bxc6 12. Qxc6+ Nd7 13. Rd1 Bd6 14. Nc3 O-O 15. Ne4 Nf6 16. Bg5 h6 17. Nxf6+ gxf6 18. Bxh6 Re8 19. Qf3 f5 20. Qg3+ 1-0


[Site "https://www.chess.com"]

[Event "Titled Tuesday Blitz January 31 Early 2023"]
[White "Noshin, Anjum"]
[Black "Jimenez, Joaquin"]
[WhiteFideId "10218564"]
[BlackFideId "109860"]
[WhiteElo "1946"]
[BlackElo "2195"]
[Result "0-1"]
[Round "02"]
[TimeControl "180+2"]
[Date "2023.01.31"]
[WhiteClock "0:00:01"]
[BlackClock "0:00:36"]

1. e4 e6 2. d4 d5 3. Nc3 Bb4 4. e5 c5 5. a3 Bxc3+ 6. bxc3 Ne7 7. Qg4 Nf5 8. Bd3 h5 9. Qf3 cxd4 10. Bxf5 exf5 11. cxd4 Nc6 12. Ne2 Be6 13. O-O Qh4 14. Rb1 b6 15. Bf4 Rc8 16. h3 Qe7 17. Rfd1 g5 18. Bh2 g4 19. Qd3 Rg8 20. Nf4 h4 21. Nxe6 fxe6 22. hxg4 Rxg4 23. f4 Kd7 24. Rd2 Rcg8 25. Kh1 Kc7 26. c4 Qd7 27. c5 Rb8 28. cxb6+ Rxb6 29. Rc1 Kb7 30. Rdc2 Rg8 31. Qf3 Rc8 32. Qf2 Qd8 33. Rc3 Qe7 34. Bg1 Rg8 35. Rh3 Rg4 36. Rhc3 Qh7 37. Kh2 Rg3 0-1


[Site "https://www.chess.com"]

[Event "Titled Tuesday Blitz January 31 Early 2023"]
[White "Nakamura, Hikaru"]
[Black "Bartel, Mateusz"]
[WhiteFideId "2016192"]
[BlackFideId "1112635"]
[WhiteElo "2775"]
[BlackElo "2609"]
[Result "1-0"]
[Round "03"]
[TimeControl "180+2"]
[Date "2023.01.31"]
[WhiteClock "0:00:51"]
[BlackClock "0:00:17"]

1. Nf3 d5 2. g3 Bf5 3. Bg2 e6 4. Nh4 Bg4 5. d3 Be7 6. h3 Bh5 7. g4 Bxh4 8. gxh5 h6 9. Nd2 Nc6 10. c4 Nge7 11. e3 Nf5 12. O-O dxc4 13. d4 O-O 14. Nxc4 Bf6 15. Qg4 Nfe7 16. Kh1 a5 17. Rd1 a4 18. Bd2 Kh8 19. Bc3 Nd5 20. e4 Nxc3 21. bxc3 Na5 22. Ne3 Bh4 23. f4 b5 24. e5 Rb8 25. d5 Qe7 26. dxe6 fxe6 27. Be4 g5 28. hxg6 Kg7 29. f5 exf5 30. Nxf5+ Rxf5 31. Qxf5 Rf8 32. Rd7 Rxf5 33. Rxe7+ Bxe7 34. Bxf5 Nc4 35. Bd3 Nxe5 36. Bxb5 a3 37. Re1 Bd6 38. Be8 Nd3 39. Re3 Nf4 40. h4 h5 41. Bf7 Kf6 42. Re8 Nxg6 43. Bxg6 Kxg6 44. Kg2 Kf5 45. Kf3 Be5 46. c4 Bf6 47. Ra8 Bxh4 48. Ra5+ Ke6 49. Rxa3 Be7 50. Ra5 c5 51. Ke4 h4 52. Ra8 Bf6 53. Ra6+ Kf7 54. Kf5 1-0


[Site "https://www.chess.com"]

[Event "Titled Tuesday Blitz January 31 Early 2023"]
[White "Maksimovic, Bojan"]
[Black "Dubov, Daniil"]
[WhiteFideId "14408120"]
[BlackFideId "24126055"]
[WhiteElo "2486"]
[BlackElo "2708"]
[Result "1-0"]
[Round "03"]
[TimeControl "180+2"]
[Date "2023.01.31"]
[WhiteClock "0:00:07"]
[BlackClock "0:00:04"]

1. e4 c5 2. Nf3 e6 3. d4 cxd4 4. Nxd4 Nf6 5. Nc3 Nc6 6. Ndb5 Bc5 7. Bf4 O-O 8. Bc7 Qe7 9. Bd6 Bxd6 10. Qxd6 Ne8 11. Qxe7 Nxe7 12. O-O-O f5 13. exf5 Nxf5 14. f3 a6 15. Nd4 Ne3 16. Rd3 Nxf1 17. Rxf1 b6 18. Re1 Nf6 19. Ne4 Nxe4 20. Rxe4 Bb7 21. Re1 Bd5 22. b3 b5 23. Kb2 Rac8 24. Ra1 g5 25. h3 Kg7 26. a4 b4 27. a5 Rc5 28. c4 bxc3+ 29. Rxc3 Rxc3 30. Kxc3 Kf6 31. Nc2 Rc8+ 32. Kb2 Rb8 33. Ra3 e5 34. b4 Bc4 35. Rc3 d5 36. Ne3 Rxb4+ 37. Ka3 Rb5 38. Nxc4 dxc4 39. Ka4 Rb2 40. Rxc4 Ra2+ 41. Kb4 Rb2+ 42. Ka4 Rxg2 43. Rc6+ Kf5 44. Rxa6 Ra2+ 45. Kb3 Ra1 46. Kb2 Ra4 47. Kb3 Rf4 48. Rh6 Rxf3+ 49. Kb2 Rf2+ 50. Kb3 Rf1 51. Kb2 Rf4 52. Kb3 e4 53. a6 e3 54. a7 e2 55. a8=Q e1=Q 56. Qc8+ Ke4 57. Qe6+ Kf3 58. Qxe1 Kg2 59. Qe2+ Kg3 60. Rxh7 g4 61. Qxg4+ Rxg4 62. hxg4 1-0


[Site "https://www.chess.com"]

[Event "Titled Tuesday Blitz January 31 Early 2023"]
[White "So, Wesley"]
[Black "Mikaelyan, Arman"]
[WhiteFideId "5202213"]
[BlackFideId "13304852"]
[WhiteElo "2760"]
[BlackElo "2523"]
[Result "1-0"]
[Round "03"]
[TimeControl "180+2"]
[Date "2023.01.31"]
[WhiteClock "0:01:01"]
[BlackClock "0:00:01"]

1. e4 Nf6 2. e5 Nd5 3. d4 d6 4. Nf3 dxe5 5. Nxe5 c6 6. Be2 Bf5 7. O-O Nd7 8. Nf3 e6 9. c4 N5f6 10. Nh4 Bxb1 11. Rxb1 Bd6 12. g3 O-O 13. Qc2 c5 14. dxc5 Bxc5 15. b4 Be7 16. Rd1 Qc7 17. Bf4 e5 18. Be3 Rfc8 19. Nf5 Bf8 20. c5 g6 21. Nh6+ Bxh6 22. Bxh6 a5 23. a3 axb4 24. axb4 b6 25. Bf3 Ra3 26. Bg2 bxc5 27. bxc5 Nxc5 28. Rdc1 Ng4 29. Bd2 Qd8 30. Bb4 Rd3 31. Bxc5 Rd2 32. Qa4 Qf6 33. Qxg4 Rxc5 34. Qf3 Rxc1+ 35. Rxc1 Qxf3 36. Bxf3 Rd6 37. h4 Rd7 38. Rb1 Kg7 39. Rb7 Rd6 40. h5 Rf6 41. Kg2 Kh6 42. Bd5 Kg7 43. h6+ Kxh6 44. Rxf7 Rd6 45. Bf3 Rb6 46. Re7 Rb5 47. Be2 Ra5 48. Bc4 Kg5 49. Rxh7 Rc5 50. Rh4 Kf6 51. Rg4 Kf5 52. Rh4 g5 53. Bd3+ Kf6 54. Rh6+ Kf7 55. Rg6 Rc3 56. Bf5 Rb3 57. g4 1-0


[Site "https://www.chess.com"]

[Event "Titled Tuesday Blitz January 31 Early 2023"]
[White "Sarana, Alexey"]
[Black "Bacrot, Etienne"]
[WhiteFideId "24133795"]
[BlackFideId "605506"]
[WhiteElo "2685"]
[BlackElo "2667"]
[Result "0-1"]
[Round "03"]
[TimeControl "180+2"]
[Date "2023.01.31"]
[WhiteClock "0:00:11"]
[BlackClock "0:00:16"]

1. d4 d5 2. c4 c6 3. Nf3 Nf6 4. Nc3 e6 5. e3 Nbd7 6. Bd3 Bb4 7. O-O O-O 8. Qc2 h6 9. Ne2 dxc4 10. Bxc4 b5 11. Bd3 Bb7 12. a3 Bd6 13. b4 a5 14. Bd2 e5 15. bxa5 c5 16. dxc5 Nxc5 17. Bxb5 e4 18. Nfd4 Rc8 19. Ng3 h5 20. Qd1 Ng4 21. Ndf5 Bxg3 22. Nxg3 Qg5 23. h3 Nf6 24. Bb4 Rfd8 25. Qe2 h4 26. Nh1 Nd3 27. Ba4 Nd5 28. Bd2 Ne5 29. Kh2 Rd6 30. Rg1 Rg6 31. Bb3 Ba6 32. Qd1 Rd8 33. f3 Nc3 34. f4 Rxd2 35. fxg5 Nxd1 36. Bxd1 Rxg5 37. Bg4 Nxg4+ 38. hxg4 Rxg4 39. Kh3 Bc8 40. Kh2 Rg5 41. Rac1 Be6 42. a6 Ra5 43. Rb1 Rxa6 44. Rb4 Bd5 45. a4 Rg6 46. a5 Ra6 47. Rb5 Be6 48. Rh5 h3 49. Ng3 g6 50. Re5 Rxg2+ 51. Rxg2 hxg2 52. Nxe4 Bd7 53. Rc5 Re6 54. Ng5 Rxe3 55. Kxg2 Ra3 56. Kf2 Bf5 57. Nf3 Ra2+ 58. Ke3 Kg7 59. Nd4 Bh3 60. Nc6 Bg2 61. Nd8 f5 62. Ne6+ Kf6 63. Nf4 Be4 64. Ne2 g5 65. Nc3 Ra3 66. Kd4 Bh1 67. Nb1 Ra1 68. Nc3 g4 69. Ne2 Kg5 70. Rb5 Ra4+ 71. Ke3 Be4 72. Rc5 Ra3+ 73. Kf2 Rf3+ 74. Ke1 Ra3 75. Kf2 g3+ 76. Nxg3 Rf3+ 77. Kg2 Kf4 78. Nxe4 fxe4 79. a6 Ra3 80. Rc6 Ra2+ 81. Kh3 e3 82. Re6 Kf3 83. Rf6+ Ke2 84. Kg3 Kd2 85. Rd6+ Ke1 86. Re6 e2 87. Kf3 Kf1 88. a7 Ra3+ 89. Kf4 e1=Q 90. Rxe1+ Kxe1 91. Ke5 Rxa7 92. Kd6 Ra1 93. Kc5 Rd1 94. Kb4 Ke2 95. Ka3 Rd2 96. Kb3 Kd3 97. Ka3 Rc2 98. Ka4 Rc8 99. Ka3 Kd4 100. Ka2 Kc3 101. Ka1 Rb8 102. Ka2 Rb7 103. Ka1 Kc2 104. Ka2 Ra7# 0-1


[Site "https://www.chess.com"]

[Event "Titled Tuesday Blitz January 31 Early 2023"]
[White "Fier, Alexandr"]
[Black "Pranav, V"]
[WhiteFideId "2107139"]
[BlackFideId "25060783"]
[WhiteElo "2589"]
[BlackElo "2597"]
[Result "1-0"]
[Round "03"]
[TimeControl "180+2"]
[Date "2023.01.31"]
[WhiteClock "0:01:10"]
[BlackClock "0:00:01"]

1. d4 Nf6 2. c4 e6 3. Nc3 Bb4 4. e3 O-O 5. Ne2 Re8 6. a3 Bf8 7. Ng3 d5 8. cxd5 exd5 9. Bd3 c6 10. O-O g6 11. b4 Nbd7 12. Rb1 a6 13. f3 Bg7 14. Bd2 Nf8 15. Nge2 Ne6 16. Qe1 b6 17. Qf2 Bd7 18. h3 a5 19. e4 axb4 20. axb4 c5 21. bxc5 bxc5 22. e5 cxd4 23. Nxd4 Nc5 24. Bb5 Rxe5 25. Nc6 Bxc6 26. Bxc6 d4 27. Bxa8 Nd3 28. Qh4 dxc3 29. Bxc3 Rc5 30. Qd4 Qxa8 31. Qxd3 Rc8 32. Bxf6 Bxf6 33. Rbd1 Kg7 34. f4 Rc3 35. Qd5 Qa7+ 36. Kh1 Rc5 37. Qe4 Rc3 38. Rb1 Qa3 39. Kh2 h5 40. Rb7 h4 41. Qe6 Kh6 42. Rxf7 Bg7 43. Qg4 Kh7 44. Qxh4+ Kg8 45. Rd7 Bf8 46. Qg4 1-0


[Site "https://www.chess.com"]

[Event "Titled Tuesday Blitz January 31 Early 2023"]
[White "Le, Tuan Minh"]
[Black "Talibov, Shiroghlan"]
[WhiteFideId "12401153"]
[BlackFideId "13429078"]
[WhiteElo "2542"]
[BlackElo "2359"]
[Result "1-0"]
[Round "03"]
[TimeControl "180+2"]
[Date "2023.01.31"]
[WhiteClock "0:00:07"]
[BlackClock "0:00:02"]

1. d4 Nf6 2. Nf3 e6 3. Bf4 Bd6 4. Bg3 O-O 5. c4 b6 6. Nc3 Bb7 7. e3 Qe7 8. Bh4 Nc6 9. a3 Qd8 10. Bd3 Be7 11. O-O d6 12. Qc2 a5 13. Bxf6 Bxf6 14. Bxh7+ Kh8 15. Be4 g6 16. Qe2 Kg7 17. b4 Qc8 18. b5 Ne7 19. Rac1 d5 20. cxd5 Nxd5 21. Nxd5 exd5 22. Bd3 Re8 23. Rc3 Re7 24. Rfc1 Qd8 25. Qc2 Rc8 26. Bf1 Qd6 27. g3 g5 28. Bh3 Rh8 29. Bf5 Bc8 30. a4 g4 31. Bxc8 Rxc8 32. Qf5 Qe6 33. Qxe6 fxe6 34. Ne1 e5 35. dxe5 Bxe5 36. Rc6 Rd8 37. Nc2 Rf8 38. Rd1 Rd8 39. Nd4 Kf7 40. Nf5 Re6 41. Nh6+ Ke7 42. Rxe6+ Kxe6 43. Nxg4 Bb2 44. f4 Rd6 45. Kf2 c6 46. bxc6 Rxc6 47. Kf3 Rc4 48. Rb1 Rb4 49. Nf2 Bc3 50. Rc1 d4 51. exd4 Bxd4 52. Nd3 Rxa4 53. g4 Kd5 54. g5 Ra3 55. Rd1 a4 56. h4 Rb3 57. Kg4 a3 58. g6 Ke6 59. f5+ Kf6 60. Nf4 Be5 61. Nh5+ Ke7 62. Re1 Kd6 63. f6 a2 64. f7 Rb4+ 65. Kf5 Rb5 66. f8=Q+ Kd5 67. Qf7+ Kd4 68. Qxa2 Bg3+ 69. Kg4 Bxe1 70. Qe2 1-0


[Site "https://www.chess.com"]

[Event "Titled Tuesday Blitz January 31 Early 2023"]
[White "Halkias, Stelios"]
[Black "Kollars, Dmitrij"]
[WhiteFideId "4201809"]
[BlackFideId "12909572"]
[WhiteElo "2511"]
[BlackElo "2607"]
[Result "1-0"]
[Round "03"]
[TimeControl "180+2"]
[Date "2023.01.31"]
[WhiteClock "0:00:39"]
[BlackClock "0:00:22"]

1. d4 d5 2. c4 e6 3. Nf3 Nf6 4. e3 a6 5. b3 c5 6. Bd3 Nc6 7. O-O cxd4 8. exd4 b6 9. Bb2 Bb7 10. Nbd2 g6 11. Qe2 Bg7 12. Rad1 O-O 13. Rfe1 Re8 14. Ne5 Qc7 15. Ndf3 dxc4 16. bxc4 Nxe5 17. Nxe5 Rad8 18. a4 a5 19. h4 Nd7 20. Nf3 Nf6 21. Ne5 Nh5 22. Qe3 Bxe5 23. dxe5 Qc6 24. Bf1 Rxd1 25. Rxd1 Qxa4 26. Rd6 Qc2 27. Qxb6 Be4 28. Rd8 Rxd8 29. Qxd8+ Kg7 30. Ba3 h6 31. Qf8+ Kh7 32. Qxf7+ Kh8 33. Be7 Qb1 34. Bf6+ Nxf6 35. exf6 Qb7 36. Qe8+ Kh7 37. f7 1-0


[Site "https://www.chess.com"]

[Event "Titled Tuesday Blitz January 31 Early 2023"]
[White "Acor, Corey"]
[Black "Bortnyk, Olexandr"]
[WhiteFideId "2024861"]
[BlackFideId "14120828"]
[WhiteElo "2216"]
[BlackElo "2605"]
[Result "1-0"]
[Round "03"]
[TimeControl "180+2"]
[Date "2023.01.31"]
[WhiteClock "0:00:06"]
[BlackClock "0:00:03"]

1. e4 Nf6 2. e5 Nd5 3. d4 d6 4. c4 Nb6 5. exd6 exd6 6. Nc3 Be7 7. Nf3 O-O 8. Be3 Bg4 9. Be2 Nc6 10. b3 Bf6 11. Rc1 Re8 12. O-O h6 13. d5 Ne7 14. Nd4 Bxe2 15. Ncxe2 Nd7 16. Qd2 Ng6 17. Ng3 Bxd4 18. Bxd4 Qg5 19. f4 Qg4 20. Rc3 Nc5 21. f5 Ne5 22. Rf4 Qg5 23. h4 Qd8 24. Nh5 Kh7 25. Rg3 Rg8 26. Bxe5 dxe5 27. Rfg4 g6 28. fxg6+ fxg6 29. b4 Nd7 30. Qd3 Qe8 31. c5 Qf7 32. c6 e4 33. Rxe4 bxc6 34. dxc6 Nf6 35. Rf4 Rad8 36. Qf3 gxh5 37. Rxf6 Rd1+ 38. Kh2 Qxf6 39. Qxf6 Rxg3 40. Kxg3 Rd3+ 41. Kh2 Rd6 42. Qe7+ Kg6 43. Qxc7 Rf6 44. Qd7 a5 45. c7 Rf4 46. c8=Q Rxh4+ 47. Kg1 1-0


[Site "https://www.chess.com"]

[Event "Titled Tuesday Blitz January 31 Early 2023"]
[White "Kopylov, Alexander A."]
[Black "Makhnev, Denis"]
[WhiteFideId "4164857"]
[BlackFideId "13707647"]
[WhiteElo "2397"]
[BlackElo "2483"]
[Result "0-1"]
[Round "03"]
[TimeControl "180+2"]
[Date "2023.01.31"]
[WhiteClock "0:00:08"]
[BlackClock "0:00:40"]

1. d4 Nf6 2. g3 e6 3. Bg2 d5 4. Nf3 b5 5. O-O Bb7 6. Bg5 Nbd7 7. Nbd2 Be7 8. Re1 O-O 9. c3 h6 10. Bxf6 Nxf6 11. Ne5 c5 12. e3 Bd6 13. Nd3 c4 14. Nf4 Qc7 15. Nh5 Nxh5 16. Qxh5 f5 17. f3 Rad8 18. e4 dxe4 19. fxe4 e5 20. exf5 Bxg2 21. Kxg2 exd4 22. cxd4 Bb4 23. Re2 Rxd4 24. Nf3 Rd5 25. g4 Qc6 26. Rf1 Bc5 27. Re6 Rd2+ 28. Kh1 Rd6 29. Ree1 Rd3 30. Kg2 Be3 31. Kg3 b4 32. Ne5 Qd6 33. Rf3 Bd4 34. f6 Rxf3+ 35. Kxf3 Qxf6+ 36. Qf5 Qxf5+ 0-1


[Site "https://www.chess.com"]

[Event "Titled Tuesday Blitz January 31 Early 2023"]
[White "Wong, Yinn Long"]
[Black "Sanal, Vahap"]
[WhiteFideId "5707684"]
[BlackFideId "6300545"]
[WhiteElo "2371"]
[BlackElo "2600"]
[Result "0-1"]
[Round "03"]
[TimeControl "180+2"]
[Date "2023.01.31"]
[WhiteClock "0:01:14"]
[BlackClock "0:02:02"]

1. e4 c5 2. Nc3 e6 3. f4 d5 4. Nf3 Nc6 5. Bb5 Ne7 6. exd5 exd5 7. Qe2 Bd7 8. Nxd5 a6 9. Bd3 Bg4 10. Bc4 Nd4 11. Ng5 Bxe2 0-1


[Site "https://www.chess.com"]

[Event "Titled Tuesday Blitz January 31 Early 2023"]
[White "Shipov, Sergei"]
[Black "Narayanan.S.L"]
[WhiteFideId "4113624"]
[BlackFideId "5058422"]
[WhiteElo "2541"]
[BlackElo "2660"]
[Result "0-1"]
[Round "03"]
[TimeControl "180+2"]
[Date "2023.01.31"]
[WhiteClock "0:00:53"]
[BlackClock "0:00:55"]

1. d4 Nf6 2. c4 g6 3. Nc3 Bg7 4. e4 d6 5. Be2 O-O 6. Nf3 e5 7. Be3 h6 8. O-O Ng4 9. Bc1 Nc6 10. d5 Ne7 11. Ne1 f5 12. Bxg4 fxg4 13. Be3 c5 14. Nd3 b6 15. b4 g5 16. a4 Ng6 17. a5 Bd7 18. axb6 axb6 19. Rxa8 Qxa8 20. Nb5 Rf6 21. bxc5 bxc5 22. Qa1 Qf8 23. Nxd6 Qxd6 24. Nxc5 Nf4 25. Nxd7 Qxd7 26. c5 h5 27. c6 Qe8 28. c7 Rf8 29. d6 Qd7 30. Qa2+ Kh7 31. Rd1 Ne6 32. Qd5 Bf6 33. g3 Nxc7 34. dxc7 Qxc7 35. Qe6 Rd8 36. Ra1 Qd6 37. Ra7+ Kh6 38. Qf7 Qd1+ 0-1


[Site "https://www.chess.com"]

[Event "Titled Tuesday Blitz January 31 Early 2023"]
[White "Korobov, Anton"]
[Black "Goltsev, Dmitry"]
[WhiteFideId "14105730"]
[BlackFideId "24176710"]
[WhiteElo "2664"]
[BlackElo "2269"]
[Result "1-0"]
[Round "03"]
[TimeControl "180+2"]
[Date "2023.01.31"]
[WhiteClock "0:01:26"]
[BlackClock "0:01:48"]

1. d4 Nf6 2. c4 e6 3. Nc3 d5 4. cxd5 exd5 5. Bg5 c6 6. e3 Bf5 7. Qf3 Bg6 8. Bxf6 Qxf6 9. Qxf6 gxf6 10. Nf3 Nd7 11. Nh4 Bb4 12. f3 h5 13. Kf2 O-O-O 14. g3 Kb8 15. a3 Bd6 16. Ne2 Rde8 17. Nf4 Rhg8 18. Rd1 Nf8 19. Bd3 Bxf4 20. gxf4 Bxd3 21. Rxd3 Ng6 22. Nf5 Re7 23. Nxe7 Nxe7 24. Rg1 Rf8 25. Rg7 Nf5 26. Rh7 h4 27. e4 Nd6 28. e5 fxe5 29. dxe5 Nc4 30. b3 Nxa3 31. f5 Nb5 32. f4 Nc7 33. Rh3 a5 34. R3xh4 b5 35. Rh8 Rc8 36. e6 fxe6 37. f6 e5 38. f5 1-0


[Site "https://www.chess.com"]